 Dungeon Crawl Stone Soup version 0.18-a0-1045-g4e042de (webtiles) character file.

81 Ijustatesigmund the Skirmisher (level 4, -2/37 HPs)
             Began as a Demonspawn Abyssal Knight on Jan 11, 2016.
             Was a Priest of Lugonu.
             Slain by Duffy's ghost (12 damage)
             ... on level 4 of the Dungeon.
             The game lasted 00:09:14 (2036 turns).

Ijustatesigmund the Skirmisher (DsAK)               Turns: 2036, Time: 00:09:15

Health: -2/37      AC: 12    Str: 12    XL:     4   Next: 20%
Magic:  6/6        EV:  4    Int: 14    God:    Lugonu [***...]
Gold:   184        SH:  0    Dex: 12    Spells: 0 memorised, 3 levels left

rFire  . . .     SeeInvis .     a - +2 mace
rCold  . . .     Gourm    .     u - +0 scale mail (curse)
rNeg   . . .     Faith    .     (no shield)
rPois  .         Spirit   .     d - +1 helmet
rElec  .         Dismiss  .     (no cloak)
rCorr  .         Reflect  .     (no gloves)
SustAt .         Harm     .     (no boots)
MR     .....                    (no amulet)
Stlth  ..........               (no ring)
                                (no ring)

@: not resistant to hostile enchantments, extremely unstealthy
A: rough black scales 1, demonic guardian 1
a: Depart the Abyss, Bend Space, Banish, Renounce Religion


You were on level 4 of the Dungeon.
You worshipped Lugonu.
Lugonu was most pleased with you.
You were not hungry.

You visited 1 branch of the dungeon, and saw 4 of its levels.
You visited the Abyss 1 time.

You collected 184 gold pieces.

Inventory:

Hand Weapons
 a - a +2 mace (weapon)
 m - a +2 antimagic quarterstaff
Armour
 b - a +0 leather armour
 d - a +1 helmet (worn)
 u - a cursed +0 scale mail (worn)
Jewellery
 t - an uncursed ring of teleportation
Wands
 l - a wand of digging (9/24)
Scrolls
 e - 3 scrolls of remove curse
 i - 3 scrolls of teleportation
 w - a scroll of amnesia
Potions
 f - a potion of cancellation {unknown}
 g - a potion of invisibility {unknown}
 h - 2 potions of lignification {unknown}
 k - a potion of flight
 o - 2 potions of curing {unknown}
 p - a potion of agility
 q - a potion of poison {unknown}
 s - a potion of cure mutation {unknown}
Comestibles
 c - 4 bread rations
 j - 3 beef jerkies
 n - 5 fruits
 r - a meat ration
 v - 2 chunks of flesh


   Skills:
 + Level 3.7 Fighting
 * Level 3.1 Maces & Flails
 - Level 1.7 Armour
 - Level 0.8 Dodging
 + Level 3.3 Invocations


You had 3 spell levels left.
You didn't know any spells.

Dungeon Overview and Level Annotations

Branches:
Dungeon (4/15)
 Temple: D:4-7

Altars:
Pakellas

Annotations:
D:4 Duffy's ghost, amateur VSFi


Innate Abilities, Weirdness & Mutations

You are partially covered in rough black scales (AC +4, Dex -1).
A weak demonic guardian rushes to your aid.


Message History

You hit Duffy's ghost but do no damage.
Duffy's ghost is moderately damaged.
Your crimson imp hits Duffy's ghost but does no damage.
Duffy's ghost hits you.
You barely miss Duffy's ghost.
Duffy's ghost is moderately damaged.
Your crimson imp hits Duffy's ghost but does no damage.
Duffy's ghost hits you.
* * * LOW HITPOINT WARNING * * *
You are too injured to fight recklessly!
You are too injured to fight recklessly!
You are too injured to fight recklessly!
You are too injured to fight recklessly!
You are too injured to fight recklessly!
You are too injured to fight recklessly!
You are too injured to fight recklessly!
Your crimson imp barely misses Duffy's ghost.
Duffy's ghost whispers, "There is no future for you."
Duffy's ghost hits you!
You die...

###
##.##
#..5#
#@W#
##..#
...#
....#
......
......#
..###.#
.## #.


You could see Duffy's ghost and a friendly crimson imp.

Vanquished Creatures
  2 adders
  A worm (D:2)
  2 giant geckos (D:3)
  2 ball pythons
  4 bats
  2 giant cockroaches
  8 goblins
  6 hobgoblins
  3 jackals (D:1)
  4 giant newts
  10 kobolds
  14 rats
58 creatures vanquished.

Notes
Turn   | Place    | Note
--------------------------------------------------------------
     0 | Abyss:1  | Ijustatesigmund the Demonspawn Abyssal Knight began the quest for the Orb.
     0 | Abyss:1  | Reached XP level 1. HP: 18/18 MP: 2/2
    18 | D:1      | Escaped the Abyss
   299 | D:1      | Gained mutation: You are partially covered in rough black scales (AC +4, Dex -1). [demonic ancestry]
   299 | D:1      | Reached XP level 2. HP: 24/24 MP: 4/4
   460 | D:1      | Reached ** piety under Lugonu
   707 | D:1      | Gained mutation: A weak demonic guardian rushes to your aid. [demonic ancestry]
   707 | D:1      | Reached XP level 3. HP: 26/29 MP: 5/5
   772 | D:2      | Found an oddly glowing altar of Pakellas.
   864 | D:2      | You fall through a shaft!
  1477 | D:3      | Reached XP level 4. HP: 36/36 MP: 2/6
  1619 | D:3      | Reached *** piety under Lugonu
  2031 | D:4      | Noticed Duffy's ghost (amateur VSFi)
  2036 | D:4      | Slain by Duffy's ghost

Vault maps used:
D:1:      lightli_arrival_flooded_house, minmay_rat_gold_closets
D:2:      johnstein_pakellas_dig
D:3:      serial_corexii_hall, corexii_hall_statues_i, corexii_hall_statues_x,
          corexii_shack, serial_park_tiny_1, kennysheep_generic_room_3
D:4:      tgw_xom, minmay_temple_entry_grid, first_bread, serial_shops, shop,
          nicolae_ru_path_of_blood

Action                   |  1- 3 |  4- 6 || total
-------------------------+-------+-------++-------
Melee: Mace              |   103 |    28 ||   131
       Quarterstaff      |    27 |    11 ||    38
  Use: Scroll            |     9 |     4 ||    13
 Stab: Sleeping          |     1 |       ||     1
  Eat: Chunk             |     1 |     3 ||     4
